 Dungeon Crawl Stone Soup version 0.19-a0-929-g333bac9 (webtiles) character file.

161 Musica the Archer (level 5, -3/41 HPs)
             Began as a Centaur Hunter on July 7, 2016.
             Killed by divine providence
             ... invoked by an orc priest
              (11 damage)
             ... on level 3 of the Dungeon.
             The game lasted 00:08:08 (1792 turns).

Musica the Archer (Centaur Hunter)                  Turns: 1792, Time: 00:08:09

Health: -3/41      AC:  5    Str: 15    XL:     5   Next: 18%
Magic:  5/5        EV: 14    Int: 10    God:
Gold:   78         SH:  0    Dex: 15    Spells: 0 memorised, 4 levels left

rFire  . . .     SeeInvis .     a - +1 shortbow
rCold  . . .     Gourm    .     c - +1 leather armour
rNeg   . . .     Faith    .     (shield currently unavailable)
rPois  .         Spirit   .     (no helmet)
rElec  .         Dismiss  .     (no cloak)
rCorr  .         Reflect  .     (no gloves)
SustAt .         Harm     .     (no barding)
MR     .....                    (no amulet)
Stlth  ++........               (no ring)
                                (no ring)

@: agile, very quick, not resistant to hostile enchantments, unstealthy
A: hooves 3, deformed body, speed 2, tough skin 3
a: no special abilities


You were on level 3 of the Dungeon.
You were not hungry.

You visited 1 branch of the dungeon, and saw 3 of its levels.

You collected 78 gold pieces.

Inventory:

Hand Weapons
 a - a +1 shortbow (weapon)
 b - a +0 short sword
 e - a +0 mace
Missiles
 d - 25 arrows (quivered)
Armour
 c - a +1 leather armour (worn)
Jewellery
 l - an uncursed ring of flight
Wands
 r - a wand of paralysis (19/24)
Scrolls
 m - a scroll of remove curse
Potions
 k - a potion of mutation {unknown}
 n - 2 potions of brilliance {unknown}
 t - a potion of flight {unknown}
 u - a potion of curing {unknown}
Comestibles
 f - 6 bread rations
 g - a chunk of flesh
 h - 5 fruits
 i - 3 meat rations


   Skills:
 + Level 2.2 Fighting
 + Level 8.4 Bows
 - Level 1.3 Dodging
 - Level 0.5 Stealth


You had 4 spell levels left.
You didn't know any spells.

Dungeon Overview and Level Annotations

Branches:
Dungeon (3/15)

Altars:
Elyvilon
Fedhas
The Shining One


Innate Abilities, Weirdness & Mutations

You have hooves in place of feet.
Armour fits poorly on your strangely shaped body.
You cover ground very quickly.
You have extremely tough skin. (AC +3)


Message History

Firing (i - inventory):
d - 28 arrows (quivered)
Press: ? - help, Shift-Dir - straight line, f/p - orc priest
Aim: an orc priest, wearing a scale mail (heavily wounded)
You shoot an arrow.
The arrow closely misses the orc priest.
The orc hits you with an enchanted flail.
* * * LOW HITPOINT WARNING * * *
Firing (i - inventory):
d - 27 arrows (quivered)
Press: ? - help, Shift-Dir - straight line, f/p - orc priest
Aim: an orc priest, wearing a scale mail (heavily wounded)
You shoot an arrow. The arrow barely misses the orc priest.
The orc priest closely misses you. The orc closely misses you.
Firing (i - inventory):
d - 26 arrows (quivered)
Press: ? - help, Shift-Dir - straight line, f/p - orc priest
Aim: an orc priest, wearing a scale mail (heavily wounded)
You shoot an arrow. The arrow hits the orc priest.
The orc priest is almost dead.
The orc priest calls down the wrath of Beogh upon you.
Beogh smites you!
You die...

######### #.......#
.(...# #.......# .....##
#.......# ([..(..
#.......# (......
###....### .......
#.####...##.# (......
###.##...####.####(......
#...............@oo$.....
..#.##.###.....#.####....
.##.##.###.#####....#.h..
.##.#......>..#####.....
# #...........##.......#
###...........##.......#
#.......#..............#
..........##.# #..)....#
.........)##.###.....[.#


You could see an orc priest and an orc.

Vanquished Creatures
  An orc wizard (D:3)
  3 gnolls (D:2)
  4 adders (D:2)
  A dart slug (D:1)
  2 giant geckos
  6 orcs (D:3)
  A ball python (D:2)
  2 giant cockroaches (D:1)
  5 goblins
  6 hobgoblins
  4 jackals (D:2)
  A quokka (D:3)
  5 bats
  4 giant newts
  8 kobolds
  7 rats
60 creatures vanquished.

Notes
Turn   | Place    | Note
-------+----------+-------------------------------------------
     0 | D:1      | Musica the Centaur Hunter began the quest for the Orb.
     0 | D:1      | Reached XP level 1. HP: 17/17 MP: 1/1
   305 | D:1      | Reached XP level 2. HP: 24/24 MP: 2/2
   393 | D:1      | Reached skill level 6 in Bows
   850 | D:2      | Found a white marble altar of Elyvilon.
   872 | D:2      | Reached XP level 3. HP: 27/29 MP: 3/3
   936 | D:2      | Reached skill level 7 in Bows
  1100 | D:2      | Reached XP level 4. HP: 27/36 MP: 4/4
  1494 | D:2      | Found a blossoming altar of Fedhas.
  1494 | D:2      | Found a glowing golden altar of the Shining One.
  1539 | D:2      | Reached skill level 8 in Bows
  1670 | D:3      | Reached XP level 5. HP: 41/41 MP: 5/5
  1792 | D:3      | Killed from afar by an orc priest

Vault maps used:
D:1:      elethiomel_arrival_infinity_welcomes_careful_drivers,
          solitary_fountain
D:2:      gammafunk_temple_overflow_wave, lemuel_round_altar
D:3:      first_bread, fedhas_altar_fruit_tree

Skill      XL: |  1  2  3  4 |
---------------+-------------+-----
Bows           | 6 7 8 |  8.4
Fighting       | |  2.2
Dodging        | |  1.3
Stealth        | |  0.5

Action                   |  1- 3 |  4- 6 || total
-------------------------+-------+-------++-------
Melee: Mace              |     4 |       ||     4
       Short sword       |    10 |       ||    10
 Fire: Shortbow          |    96 |    84 ||   180
  Use: Scroll            |       |     8 ||     8
       Potion            |       |     1 ||     1
  Eat: Chunk             |       |     1 ||     1
Armor: Leather armour    |     2 |     6 ||     8
       Robe              |    10 |     2 ||    12
Dodge: Dodged            |    21 |    17 ||    38
